 Dungeon Crawl Stone Soup version 0.25.0-11-g1f837a76a1 (webtiles) character file.

Game seed: 4491168020059399205

7062 Dirian the Carver (level 10, -5/91 HPs)
             Began as a Minotaur Fighter on June 24, 2020.
             Slain by a two-headed ogre
             ... wielding a cursed -1 giant club
              (14 damage)
             ... on level 9 of the Dungeon.
             The game lasted 00:15:53 (10312 turns).

Dirian the Carver (Minotaur Fighter)               Turns: 10312, Time: 00:15:54

Health: -5/91      AC: 12    Str: 22    XL:     10   Next: 83%
Magic:  11/11      EV:  6    Int:  5    God:
Gold:   333        SH: 16    Dex: 12    Spells: 9/9 levels left

rFire    . . .     SeeInvis .   b - +0 scimitar
rCold    . . .     Gourm    .   c - +0 kite shield
rNeg     . . .     Faith    .   g - +0 chain mail
rPois    .         Spirit   .   (helmet restricted)
rElec    .         Reflect  +   l - +0 cloak
rCorr    .         Harm     .   (no gloves)
MR       .....                  (no boots)
Stlth    ..........             s - amulet of reflection
HPRegen  0.25/turn              (no ring)
MPRegen  0.12/turn              (no ring)

@: lightly drained
A: retaliatory headbutt, horns 2
a: no special abilities


You were on level 9 of the Dungeon.
You were not hungry.

You visited 2 branches of the dungeon, and saw 10 of its levels.

You collected 333 gold pieces.

Inventory:

Hand Weapons
 a - a +1 long sword
 b - a +0 scimitar (weapon)
Armour
 c - a +0 kite shield (worn)
 g - a +0 chain mail (worn)
 l - a +0 cloak (worn)
Jewellery
 s - an amulet of reflection (around neck)
Wands
 m - a wand of flame (16)
 p - a wand of polymorph (13)
 v - a wand of acid (6)
Scrolls
 t - 4 scrolls of teleportation
 x - 3 scrolls of remove curse
 z - a scroll of blinking
Potions
 d - a potion of might
 f - 2 potions of flight
 h - 6 potions of haste
 i - a potion of magic
 j - a potion of invisibility {unknown}
 k - a potion of lignification {unknown}
 n - 2 potions of degeneration {unknown}
 q - 2 potions of curing
 u - a potion of ambrosia {unknown}
Comestibles
 e - 21 rations
 o - 6 chunks of flesh


   Skills:
 + Level 9.5(9.4) Fighting
 - Level 13.5(13.4) Long Blades
 - Level 8.2(8.1) Armour
 - Level 8.0(7.9) Shields
 * Level 3.7(3.6) Evocations


You had 9 spell levels left.
You didn't know any spells.
Your spell library contained the following spells:

 Spells                   Type           Power        Failure   Level  Hunger
 Animate Skeleton         Necr           N/A          100%        1    ##.....
 Magic Dart               Conj           #...         100%        1    ##.....
 Pain                     Necr           #...         100%        1    ##.....
 Blink                    Tloc           N/A          100%        2    ###....
 Call Imp                 Summ           #.......     100%        2    ###....
 Slow                     Hex            #.......     100%        2    ###....
 Conjure Flame            Conj/Fire      #.......     100%        3    ####...
 Mephitic Cloud           Conj/Pois/Air  #.......     100%        3    ####...
 Vampiric Draining        Necr           #.........   100%        3    ####...
 Animate Dead             Necr           N/A          100%        4    #####..
 Agony                    Necr           #.......     100%        5    ######.


Dungeon Overview and Level Annotations

Branches:
Dungeon (9/15)             Temple (1/1) D:7            Lair (0/6) D:9
    Orc: D:9-12

Altars:
Ashenzari
Cheibriados
Dithmenos
Elyvilon
Fedhas
Gozag
Hepliaklqana
Kikubaaqudgha
Makhleb
Nemelex Xobeh
Okawaru
Qazlal
Ru
Sif Muna
Trog
Uskayaw
Vehumet
Wu Jian
Xom
Yredelemnul
Zin
The Shining One

Shops:
D:7 !

Annotations:
D:7 exclusion: statue
D:8 exclusion: 2 doors


Innate Abilities, Weirdness & Mutations

You reflexively headbutt those who attack you in melee.
You have a pair of horns on your head.


Message History

The two-headed ogre is heavily wounded.
You block the two-headed ogre's attack.
The two-headed ogre hits you with a +0 giant club!!
You slash the two-headed ogre! You headbutt the two-headed ogre!
The two-headed ogre is severely wounded.
You hit the two-headed ogre but do no damage.
The two-headed ogre is severely wounded.
You block the two-headed ogre's attack.
The two-headed ogre hits you with a +0 giant club!
You slash the two-headed ogre!
The two-headed ogre is almost dead.
You hit the two-headed ogre but do no damage.
The two-headed ogre is almost dead.
The two-headed ogre hits you with a cursed -1 giant club!!
The two-headed ogre hits you with a +0 giant club!!
* * * LOW HITPOINT WARNING * * *
Your shield and chain mail prevent you from hitting the two-headed ogre.
The two-headed ogre is almost dead.
The two-headed ogre hits you with a cursed -1 giant club!
You die...

##'######## ##.#
#..# #.## ## #.# ##.
#'########## ..
...........# ####.##
...........###.#.O.#
...........'.#.#@#
.......>...#...(.#
...........###.###
........<..#
#........
############
######.##


You could see a two-headed ogre.

Vanquished Creatures
  Harold (D:7)
  A two-headed ogre (D:8)
  A cyclops (D:9)
  Psyche (D:9)
  A troll (D:7)
  Grinder (D:5)
  3 yaks (D:9)
  Menkaure (D:4)
  3 wargs (D:9)
  Duvessa (D:5)
  3 orc warriors
  A sky beast (D:7)
  4 phantoms
  2 ice beasts
  5 ogres
  A centaur (D:8)
  A big kobold (D:8)
  3 bullfrogs
  Dowan (D:5)
  7 killer bees
  A scorpion (D:4)
  5 wights (D:9)
  2 electric eels (D:9)
  A howler monkey (D:4)
  A bullfrog zombie (D:5)
  3 crimson imps
  7 orc priests
  3 bullfrog skeletons
  2 hounds
  8 orc wizards
  2 jellies (D:7)
  A centaur skeleton (D:8)
  Terence (D:2)
  2 iguanas (D:6)
  4 worker ants
  9 adders
  2 shadow imps
  An adder zombie (D:8)
  3 adder skeletons
  5 worms
  2 dart slugs
  9 leopard geckos
  34 orcs
  9 giant cockroaches
  6 goblins
  11 hobgoblins
  15 jackals
  2 quokkas
  5 bats
  3 frilled lizards
  11 kobolds
  2 leopard gecko skeletons
  A quokka skeleton (D:5)
  5 rats
220 creatures vanquished.

Notes
Turn   | Place    | Note
-------+----------+-------------------------------------------
     0 | D:1      | Dirian the Minotaur Fighter began the quest for the Orb.
     0 | D:1      | Reached XP level 1. HP: 19/19 MP: 0/0
   261 | D:1      | Reached XP level 2. HP: 25/27 MP: 1/1
   503 | D:1      | Reached skill level 3 in Long Blades
   556 | D:1      | Reached XP level 3. HP: 32/33 MP: 2/2
   990 | D:2      | Found an ornate altar of the Wu Jian Council.
  1782 | D:2      | Reached XP level 4. HP: 35/40 MP: 3/3
  1925 | D:2      | Found a stormy altar of Qazlal.
  1987 | D:2      | Noticed Terence
  1996 | D:2      | Killed Terence
  1996 | D:2      | Reached skill level 4 in Long Blades
  2448 | D:3      | Reached XP level 5. HP: 47/47 MP: 4/4
  2696 | D:3      | Reached skill level 5 in Long Blades
  2895 | D:3      | Found a snail-covered altar of Cheibriados.
  3663 | D:3      | Found a sacrificial altar of Ru.
  3884 | D:4      | Reached XP level 6. HP: 53/53 MP: 5/5
  4207 | D:4      | Reached skill level 6 in Long Blades
  4426 | D:5      | Entered Level 5 of the Dungeon
  4426 | D:5      | Noticed Duvessa
  4426 | D:5      | Noticed Dowan
  4426 | D:5      | Noticed Menkaure
  4436 | D:4      | Killed Menkaure
  4436 | D:4      | Reached skill level 7 in Long Blades
  4436 | D:4      | Reached skill level 5 in Armour
  4436 | D:4      | Reached XP level 7. HP: 14/60 MP: 6/6
  4674 | D:5      | Killed Duvessa
  4674 | D:5      | Reached skill level 5 in Fighting
  4686 | D:5      | Killed Dowan
  4761 | D:5      | Reached skill level 8 in Long Blades
  4838 | D:5      | Found an opulent altar of Gozag.
  4838 | D:5      | Found a blossoming altar of Fedhas.
  4847 | D:5      | Noticed Grinder
  4853 | D:5      | Paralysed by Grinder for 3 turns
  4859 | D:5      | Killed Grinder
  4859 | D:5      | Reached skill level 5 in Shields
  4929 | D:5      | Reached skill level 9 in Long Blades
  4929 | D:5      | Reached XP level 8. HP: 69/69 MP: 7/7
  5488 | D:6      | Found a bloodstained altar of Trog.
  5585 | D:6      | Reached skill level 10 in Long Blades
  6200 | D:6      | Found an ancient bone altar of Kikubaaqudgha.
  6283 | D:7      | Found a staircase to the Ecumenical Temple.
  6297 | D:7      | Reached skill level 11 in Long Blades
  6312 | Temple   | Entered the Ecumenical Temple
  6600 | D:7      | Found a hazy altar of Hepliaklqana.
  6697 | D:7      | Reached XP level 9. HP: 69/77 MP: 8/8
  6768 | D:7      | Noticed a troll
  6780 | D:7      | Killed a troll
  7027 | D:7      | Found Dychizir's Distillery.
  7084 | D:7      | Found a radiant altar of Vehumet.
  7094 | D:7      | Noticed Harold
  7116 | D:7      | Killed Harold
  7116 | D:7      | Reached skill level 12 in Long Blades
  7338 | D:7      | Found a shadowy altar of Dithmenos.
  7582 | D:7      | Found a burning altar of Makhleb.
  8158 | D:8      | Identified the cursed +0 ring mail "Zomujape" {rF+ Str+2
                  | Int+4}
  8438 | D:8      | Reached skill level 13 in Long Blades
  8451 | D:8      | Reached XP level 10. HP: 73/86 MP: 9/9
  8563 | D:8      | Found a sparkling altar of Nemelex Xobeh.
  8708 | D:8      | Noticed a two-headed ogre
  8726 | D:8      | Killed a two-headed ogre
  8988 | D:8      | Found a glowing golden altar of the Shining One.
  8990 | D:8      | Found a glowing silver altar of Zin.
  9140 | D:9      | Reached skill level 1 in Evocations
  9271 | D:9      | HP: 2/88 [warg (11)]
  9613 | D:9      | Found a staircase to the Lair.
  9945 | D:9      | Noticed Psyche
 10153 | D:9      | Killed Psyche
 10291 | D:9      | Noticed a cyclops
 10301 | D:9      | Killed a cyclops
 10302 | D:9      | Noticed a two-headed ogre
 10312 | D:9      | Slain by a two-headed ogre

Illustrated notes

Levels and vault maps discovered:
D:1:      lemuel_arrival_room, layout_basic, minmay_misc_feat_more_columns,
          minmay_unequal
D:2:      layout_basic, nicolae_overflow_crystal_walls, marbit_many_paths,
          first_ration, due_unseen_surprise, uniq_terence
D:3:      layout_loops_corners, kennysheep_slug_shrine,
          nicolae_overflow_hidden_temple, corexii_item_surrounded_by_moat
D:4:      layout_loops_ring
D:5:      layout_basic, gammafunk_temple_overflow_wave, serial_glass,
          glass_columns_a, glass_columns_b, glass_columns_a, glass_columns_b,
          glass_columns_c, glass_columns_a, uniq_grinder, uniq_duvessa,
          uniq_menkaure
D:6:      layout_loops_ring, kennysheep_mini_moat, basic_altar
D:7:      layout_gridville, lemuel_doored_altar, vehumet_statue,
          minmay_temple_entry_wispy, basic_altar, serial_shops,
          nicolae_shop_trees, grunt_dithmenos_smoke, uniq_harold
D:8:      layout_rooms, nemelex_xobeh_ov_fountains_minmay, minitemple,
          blue_anna_alchemist [blue_anna_fruit_fields, blue_anna_fruit_fields],
          small_statue_intersection
D:9:      layout_roguey, erik_lair_orcish_takeover, kennysheep_boxes,
          uniq_psyche
Temple:   compressed_dpeg_circular_temple

Skill      XL: |  1  2  3  4  5  6  7  8  9 10 |
---------------+-------------------------------+-----
Armour         | 4 5 6 7 8 |  8.2
Fighting       | 4 5 6 7 9 |  9.5
Shields        | 4 5 6 8 |  8.0
Long Blades    | 3 4 5 7 9 11 13 | 13.5
Evocations     | 3 |  3.7

Action                   |  1- 3 |  4- 6 |  7- 9 | 10-12 || total
-------------------------+-------+-------+-------+-------++-------
Melee: Long sword        |   109 |   165 |   321 |   200 ||   795
       Headbutt          |    17 |    18 |    62 |    55 ||   152
       Scimitar          |       |       |       |    34 ||    34
  Use: Scroll            |       |    12 |       |     3 ||    15
       Potion            |       |       |     3 |     3 ||     6
  Eat: Chunk             |     3 |     5 |    10 |     3 ||    21
       Ration            |       |     1 |     1 |     1 ||     3
Armor: Scale mail        |    46 |    36 |       |       ||    82
       Chain mail        |       |    36 |   103 |    38 ||   177
Dodge: Dodged            |    22 |    31 |    57 |    18 ||   128
Block: Kite shield       |    49 |    57 |   124 |   109 ||   339
       Rpst.: Long sword |     2 |     7 |    15 |     3 ||    27
       Scimitar          |       |       |       |     1 ||     1
